AoeStats
← El Fantasma de Pancho Villa

Black Forest

508588365Analyzed
4v4 RM · 9d ago on Sep 23, 2026· 74m 41s· 8 players
Game mode
Random Map
Map size
Large (8 player)
Population
200
Speed
Normal
Resources
Standard
Victory
Conquest
Starting age
Dark Age
Ending age
Imperial Age
RankedLock teamsTeams togetherTeam positionsShared explorationLock speedFull tech treeHidden civsTurbo modeCheats
Victory
Defeat
🇺🇸 Danes · United States
1276
+12
🇺🇸 Varangians · United States
1271
+12
🇺🇸 Varangians · United States
1187
+16
🇺🇸 Malay · United States
1118
+18
🇹🇼 Danes · Taiwan
1208
-16
🇮🇳 Mongols · India
1180
-14
🇺🇸 Cumans · United States
1175
-14
🇹🇷 Franks · Türkiye
1167
-14
El Fantasma de Pancho Villa
1:32 Loom
11:15 Feudal Age
13:56 Man-at-Arms
24:33 Fletching
34:23 Padded Archer Armor
35:53 Double-Bit Axe
40:08 Wheelbarrow
39:55 Horse Collar
46:26 Castle Age
45:25 Scale Barding Armor
45:31 Forging
51:09 Imperial Age
48:58 Hand Cart
49:10 Heavy Plow
50:09 Iron Casting
49:54 Chain Barding Armor
50:51 Bloodlines
50:34 Gold Mining
51:14 Bow Saw
51:16 Elite Steppe Lancer
52:58 Blast Furnace
52:33 Plate Barding Armor
58:38 Light Cavalry
60:19 Hussar
61:31 Pikeman
62:12 Squires
62:14 Scale Mail Armor
63:57 Chain Mail Armor
64:41 Halberdier
66:58 Plate Mail Armor
70:58 Two-Man Saw
69:52 Crossbowman
70:37 Thumb Ring
70:58 Ballistics
71:55 Elite Skirmisher
_GeeK_
12:19 Feudal Age
16:03 Castle Age
14:04 Double-Bit Axe
15:09 Horse Collar
15:14 Fishing Lines
17:02 Bow Saw
17:51 Gillnets
22:04 Wheelbarrow
21:21 Gold Mining
25:08 Loom
25:40 Hand Cart
25:11 Town Watch
25:37 Fletching
30:26 Ballistics
30:34 Bodkin Arrow
30:40 Padded Archer Armor
32:17 Bloodlines
32:49 Husbandry
32:56 Thumb Ring
37:11 Imperial Age
36:09 Leather Archer Armor
36:55 Scale Barding Armor
37:01 Forging
37:09 Heavy Plow
37:46 Gold Shaft Mining
37:02 Stone Mining
37:28 Caravan
37:30 Elite Mangudai
38:12 Bracer
39:14 Chemistry
38:41 Parthian Tactics
37:57 Capped Ram
39:12 Conscription
38:25 Heavy Scorpion
39:36 Siege Engineers
39:44 Light Cavalry
41:36 Chain Barding Armor
41:52 Iron Casting
40:44 Heavy Camel Rider
43:38 Blast Furnace
43:13 Coinage
42:16 Siege Ram
43:46 Drill
43:27 Murder Holes
46:02 Banking
52:04 Hoardings
51:31 Nomads
53:07 Hussar
57:55 Onager
60:49 Siege Onager
73:37 Fortified Wall
gigan
3:25 Loom
13:02 Feudal Age
13:48 Double-Bit Axe
16:54 Castle Age
18:10 Bow Saw
20:23 Fishing Lines
23:25 Loom
26:26 Wheelbarrow
27:15 Fletching
27:26 Padded Archer Armor
28:07 Bodkin Arrow
28:31 Gillnets
29:12 Gold Mining
29:12 Stone Mining
30:36 Hand Cart
34:17 Imperial Age
31:34 Town Watch
32:00 Thumb Ring
32:32 Padded Archer Armor
32:54 Ballistics
33:02 Bloodlines
32:52 Husbandry
33:12 Scale Mail Armor
33:23 Forging
34:26 Heavy Mounted Crossbowman
34:27 Cranequins
35:51 Gold Shaft Mining
35:07 Stone Mining
34:40 Cranequins
35:35 Bracer
35:51 Chain Mail Armor
36:11 Iron Casting
35:03 Elite Varangian Guard
35:29 Gambesons
37:08 Chemistry
37:50 Conscription
37:39 Pikeman
38:21 Squires
38:07 Arson
38:53 Plate Mail Armor
38:39 Leather Archer Armor
38:10 Halberdier
39:31 Leather Archer Armor
40:16 Blast Furnace
39:56 Town Patrol
40:42 Ring Archer Armor
40:54 Hoardings
41:00 Hoardings
40:46 Siege Engineers
40:53 Masonry
40:51 Caravan
41:21 Coinage
40:40 Onager
42:36 Hamask
42:40 Northmen's Fury
43:03 Siege Onager
51:13 Banking
62:59 Elite Skirmisher
hadibaaayım
0:48 Loom
13:22 Feudal Age
14:07 Double-Bit Axe
14:56 Fishing Lines
19:14 Castle Age
18:42 Gold Mining
18:42 Stone Mining
25:47 Gillnets
37:19 Forging
37:10 Padded Archer Armor
46:23 Iron Casting
45:54 Scale Barding Armor
48:28 Bow Saw
50:48 Coinage
51:20 Wheelbarrow
50:30 Town Watch
51:02 Caravan
55:38 Imperial Age
53:27 Hand Cart
54:06 Chain Barding Armor
54:02 Leather Archer Armor
53:37 Fletching
54:11 Murder Holes
53:57 Treadmill Crane
54:38 Ballistics
54:29 Masonry
54:30 Fortified Wall
54:11 Guard Tower
56:23 Town Patrol
56:33 Siege Engineers
57:29 Chemistry
56:15 Arrowslits
57:26 Plate Barding Armor
58:19 Banking
59:15 Blast Furnace
58:47 Cavalier
59:28 Husbandry
58:49 Light Cavalry
60:48 Paladin
Pabbon
7:28 Loom
11:21 Feudal Age
11:48 Fishing Lines
18:06 Castle Age
16:25 Double-Bit Axe
19:23 Bow Saw
21:26 Wheelbarrow
20:39 Horse Collar
20:52 Gillnets
23:42 Devotion
24:58 Forging
27:16 Town Watch
31:46 Vendel Legacy
34:11 Bloodlines
34:02 Husbandry
39:00 Imperial Age
38:31 Hand Cart
38:17 Town Patrol
38:31 Scale Barding Armor
40:00 Chain Barding Armor
40:16 Iron Casting
40:08 Conscription
41:48 Two-Man Saw
40:24 Cavalier
40:39 Elite Jarl
41:24 Light Cavalry
48:04 Cavalier
51:00 Plate Barding Armor
51:41 Blast Furnace
52:52 Caravan
53:03 Guilds
59:58 Hussar
Nijoru
8:35 Loom
10:53 Feudal Age
16:11 Castle Age
15:24 Double-Bit Axe
15:21 Fishing Lines
18:31 Bow Saw
21:36 Scale Mail Armor
22:29 Squires
22:48 Horse Collar
25:43 Gold Mining
25:59 Arson
27:27 Chain Mail Armor
30:59 Forging
31:33 Wheelbarrow
30:44 Town Watch
35:41 Gillnets
37:17 Hand Cart
36:54 Stone Mining
37:45 Fletching
38:21 Padded Archer Armor
38:48 Thumb Ring
39:04 Husbandry
39:43 Bodkin Arrow
40:50 Bloodlines
40:57 Leather Archer Armor
42:27 Elite Skirmisher
46:01 Imperial Age
43:58 Ballistics
44:36 Gold Shaft Mining
44:40 Stone Shaft Mining
45:23 Masonry
44:48 Hamask
47:21 Plate Mail Armor
47:46 Conscription
48:41 Bracer
51:07 Chemistry
50:44 Caravan
51:37 Ring Archer Armor
52:06 Iron Casting
52:27 Onager
53:43 Elite Jomsviking
56:13 Blast Furnace
56:11 Northmen's Fury
57:52 Hoardings
58:10 Siege Engineers
58:37 Siege Onager
61:03 Murder Holes
61:56 Heavy Plow
61:30 Cranequins
72:47 Elite Varangian Guard
73:17 Gambesons
JesusFreak
0:54 Loom
13:13 Feudal Age
18:07 Castle Age
17:33 Double-Bit Axe
24:29 Forging
24:19 Scale Mail Armor
24:14 Arson
29:06 Squires
32:24 Wheelbarrow
36:04 Bow Saw
35:43 Horse Collar
38:10 Heavy Plow
40:02 Scale Barding Armor
40:07 Gold Mining
41:18 Hand Cart
41:49 Padded Archer Armor
41:31 Elite Skirmisher
42:15 Stone Mining
42:55 Fletching
43:23 Leather Archer Armor
43:30 Ballistics
46:18 Imperial Age
44:04 Town Watch
44:32 Bodkin Arrow
44:34 Treadmill Crane
46:23 Gambesons
47:30 Ring Archer Armor
47:03 Bracer
48:04 Chemistry
49:20 Iron Casting
48:08 Elite Varangian Guard
49:55 Crop Rotation
50:37 Chain Mail Armor
50:45 Capped Ram
52:02 Plate Mail Armor
52:39 Blast Furnace
52:54 Siege Ram
58:20 Onager
ItalianShadow (⌐■_■)
10:36 Loom
12:25 Feudal Age
12:34 Double-Bit Axe
12:32 Fishing Lines
20:02 Wheelbarrow
24:12 Castle Age
25:14 Gold Mining
25:52 Bow Saw
25:58 Gillnets
28:49 Forging
29:31 Gold Shaft Mining
30:10 Hand Cart
30:38 Iron Casting
30:09 Scale Barding Armor
31:24 Husbandry
35:20 Imperial Age
35:27 Conscription
36:13 Blast Furnace
35:04 Horse Collar
34:49 Elite Battle Elephant
35:43 Town Watch
36:19 Heavy Plow
49:38 Stone Mining
49:54 Town Patrol
60:41 Loom
Connection lost

Rejoining the realm…

Still unreachable

The connection could not be restored.

Session expired

The server has moved on; the page needs a fresh start.